 Dungeon Crawl Stone Soup version 0.32-a0-995-gb4a59205af (webtiles) character file.

Game seed: 7864430313936462055

34310 jasper the Basher (level 13, -6/86 HPs)
             Began as a Gargoyle Fighter on Apr 22, 2024.
             Was a High Priest of Okawaru.
             Mangled by a cane toad (13 damage)
             ... on level 3 of the Lair of Beasts.
             The game lasted 00:22:26 (14623 turns).

jasper the Basher (Gargoyle Fighter)               Turns: 14623, Time: 00:22:27

Health: -6/86      AC: 36    Str: 23    XL:     13   Next: 76%
Magic:  19/19      EV:  5    Int: 11    God:    Okawaru [*****.]
Gold:   654        SH: 10    Dex:  9    Spells: 12/12 levels left

rFire   . . .        e - +0 morningstar
rCold   . . .        V - +0 kite shield
rNeg    + . .        Y - +3 plate armour of Serendipity {Will+++}
rPois   ∞            (no helmet)
rElec   +            X - scarf {repulsion}
rCorr   .            v - +1 pair of gloves
SInv    .            D - +0 pair of boots
Will    ++++.        (no amulet) Stlth
                     b - +4 ring of protection
HPRegen 0.34/turn    n - ring of willpower
MPRegen 0.16/turn

%: repel missiles
@: no status effects
A: sickness immunity, AC +9, negative energy resistance 1, electricity
resistance, torment resistance 1, petrification resistance
a: Renounce Religion, Heroism, Finesse, Duel


You were on level 3 of the Lair of Beasts.
You worshipped Okawaru.
Okawaru was extremely pleased with you.
You visited 3 branches of the dungeon, and saw 18 of its levels.
You also visited: Sewer.

You collected 1447 gold pieces.
You spent 793 gold pieces at shops.

Inventory:

Hand Weapons
 e - a +0 morningstar (weapon)
Missiles
 f - 106 stones (quivered)
 t - 5 silver javelins
 B - 41 poisoned darts
 L - 14 boomerangs
 W - 4 curare-tipped darts
Armour
 a - a +1 plate armour of cold resistance
 v - a +1 pair of gloves (worn)
 D - a +0 pair of boots (worn)
 Q - +0 acid dragon scales
 V - a +0 kite shield (worn)
 X - a scarf of repulsion (worn)
 Y - the +3 plate armour of Serendipity (worn) {Will+++}
   (You found it on level 14 of the Dungeon)

   Will+++:   It greatly increases your willpower.
Jewellery
 b - a +4 ring of protection (left hand)
 g - a +5 ring of evasion
 n - a ring of willpower (right hand)
 C - a +6 ring of intelligence
 K - the ring "Vyafay" {MP+9 Str+5}
   (You bought it in a shop on level 14 of the Dungeon)

   [ring of magical power]

   Str+5:     It affects your strength (+5).
   MP+9:      It affects your magic capacity (+9).
 T - a +6 ring of dexterity
 U - a ring of see invisible
Wands
 h - a wand of mindburst (23)
 A - a wand of paralysis (10)
 E - a wand of polymorph (11)
 F - a wand of digging (6)
 G - a wand of warping (12)
 O - a wand of flame (17)
Scrolls
 i - a scroll of summoning
 l - 4 scrolls of revelation
 p - a scroll of enchant weapon
 q - a scroll of amnesia
 r - 2 scrolls of fog
 y - 8 scrolls of teleportation
 z - 2 scrolls of blinking
 H - a scroll of fear
 J - 2 scrolls of vulnerability
 S - 4 scrolls of enchant armour
 Z - 2 scrolls of identify
Potions
 j - 5 potions of haste
 k - 5 potions of ambrosia
 m - a potion of enlightenment
 o - 7 potions of curing
 u - 2 potions of cancellation
 w - 6 potions of brilliance
 x - 2 potions of magic
 N - a potion of mutation {unknown}
 P - 2 potions of attraction
 R - 3 potions of heal wounds
Miscellaneous
 d - a Gell's gravitambourine (inert)


   Skills:
 + Level 12.0 Fighting
 - Level 14.0 Maces & Flails
 + Level 11.8 Armour
 + Level 10.7 Shields
 - Level 8.0 Invocations


You had 12 spell levels left.
You didn't know any spells.
Your spell library contained the following spells:

 Spells                   Type           Power      Damage    Failure   Level
 Apportation              Tloc           0%         N/A       100%        1
 Foxfire                  Conj/Fire      0%         2x1d4     100%        1
 Necrotise                Necr           0%         1d4       100%        1
 Sting                    Conj/Alch      0%         1d3       100%        1
 Lesser Beckoning         Tloc           0%         N/A       100%        2
 Mercury Vapours          Alch/Air       0%         N/A       100%        2
 Dazzling Flash           Conj/Hex       0%         N/A       100%        3
 Maxwell's Portable Pile  Tloc           0%         2d(5-13)  100%        3
 Mephitic Cloud           Conj/Alch/Air  0%         N/A       100%        3
 Teleport Other           Tloc           0%         N/A       100%        3
 Vampiric Draining        Necr           0%         2d6       100%        3
 Olgreb's Toxic Radiance  Alch           0%         N/A       100%        4
 Curse of Agony           Necr           0%         N/A       100%        5
 Silence                  Hex/Air        0%         N/A       100%        5
 Plasma Beam              Fire/Air       0%         2x1d10    100%        6
 Starburst                Conj/Fire      0%         6d3       100%        6
 Fulsome Fusillade        Conj/Alch      0%         (3-5)d4   100%        8
 Summon Small Mammal      Summ           Unusable   N/A       N/A         1
 Martyr's Knell           Necr/Summ      Unusable   N/A       N/A         4

Dungeon Overview and Level Annotations

Branches:
Dungeon (14/15)            Temple (1/1) D:4            Lair (3/5) D:9
 Shoals (0/4) Lair:2       Spider (0/4) Lair:2          Orc (0/2) D:10
 Vaults (0/5) D:14          Sewer (visited)

Altars:
Ashenzari
Cheibriados
Dithmenos
Elyvilon
Fedhas
Gozag
Hepliaklqana
Kikubaaqudgha
Makhleb
Nemelex Xobeh
Okawaru
Qazlal
Ru
Sif Muna
Trog
Uskayaw
Vehumet
Wu Jian
Xom
Yredelemnul
Zin
The Shining One

Shops:
D:4 :   D:5 *   D:9 ?   D:13 [(   D:14 *

Annotations:
D:5 2 transporters, horus123's ghost, amateur DsCj


Innate Abilities, Weirdness & Mutations

You are immune to sickness and miasma.
Your stone body is resilient. (AC +9)
You are immune to poison.
You resist negative energy. (rN+)
You are resistant to electric shocks. (rElec)
You are resistant to unholy torment.
You are immune to petrification.


Message History

You block the wolf's attack. The cane toad stings you!
* * * LOW HITPOINT WARNING * * *
You hit the wolf.
The wolf is moderately wounded.
The black mamba bites you but does no damage.
You block the wolf's attack. You block the black mamba's attack.
The wolf bites you but does no damage.
The cane toad stings you but does no damage.
You take 15 damage, and have 22/86 hp.
You closely miss the wolf.
The wolf is moderately wounded.
You block the black mamba's attack. The wolf bites you but does no damage.
You hit the wolf.
The wolf is heavily wounded.
You block the black mamba's attack. The wolf bites you but does no damage.
You block the cane toad's attack.
The black mamba bites you but does no damage.
You block the wolf's attack.
You barely miss the wolf.
The wolf is heavily wounded.
You block the cane toad's attack. You block the black mamba's attack.
You block the wolf's attack. The cane toad barely misses you.
The black mamba bites you.
* * * LOW HITPOINT WARNING * * *
You closely miss the wolf.
The wolf is heavily wounded.
The wolf barely misses you. You block the black mamba's attack.
You block the wolf's attack. The cane toad stings you!
* * * LOW HITPOINT WARNING * * *
You miss the wolf.
The wolf is heavily wounded.
The black mamba completely misses you. You block the wolf's attack.
The cane toad barely misses you.
The black mamba bites you but does no damage.
You barely miss the wolf.
The wolf is heavily wounded.
The wolf bites you.
* * * LOW HITPOINT WARNING * * *
You block the black mamba's attack. The cane toad stings you!
You die...

#... #.........# ## .#
#..###..##PS.F## ..##
##.......####...# ....
#.......## ##S.##
#..##.....PP# ##F.P#
#..........#####....##..
##....#.F....F##........
##....S#h###............
##.....F@##
###.F..#..... # ##
#......### #...##P....
..#P####......## #..##
..... ....#.........#
#..# ..... #...........#
##.. ... #..............
.... ###.............
.... ####..............
.... #.#........#......


You could see a black mamba, a cane toad, a wolf and a bullfrog.

Vanquished Creatures
  Nessos (D:13)
  Snorg (D:14)
  A hydra (D:14)
  2 centaur warriors
  3 two-headed ogres
  A tengu warrior (D:14)
  Sonja (D:11)
  2 oklob plants (Lair:1)
  A cyclops (D:11)
  6 ugly things
  A manticore (D:13)
  A spectral centaur (D:11)
  3 centaur zombies (D:11)
  A black mamba (Lair:2)
  A merfolk siren (Lair:2)
  A gargoyle (D:12)
  A komodo dragon (Lair:1)
  An unseen horror (D:8)
  5 cane toads
  3 trolls
  A polar bear (Lair:2)
  3 merfolk (Lair:2)
  A hornet (D:9)
  3 blink frogs (Lair:1)
  5 wyverns
  36 yaks
  A shadow (D:12)
  6 basilisks
  8 vampire mosquitoes
  3 redbacks (Lair:2)
  3 acid dragons
  27 water moccasins
  4 orc warriors
  Pargi (Sewer)
  A sky beast (D:7)
  2 laughing skulls (D:14)
  2 ogres
  2 ice beasts
  4 centaurs
  A phantom (D:4)
  9 wolves
  3 kobold brigands
  A brain worm (Sewer)
  3 gnoll sergeants
  8 bullfrogs
  4 scorpions
  5 wights (D:8)
  33 killer bees
  3 howler monkeys (D:9)
  5 hounds
  2 jellies
  8 orc priests
  2 iguanas
  A sleepcap (D:6)
  A boggart zombie (D:11)
  Terence (D:3)
  12 orc wizards
  10 gnolls
  17 adders
  2 river rats (D:4)
  2 shadow imps
  A white imp (D:5)
  A dart slug (D:8)
  6 ribbon worms
  54 orcs
  7 ball pythons
  4 endoplasms
  6 giant cockroaches
  2 goblins
  6 hobgoblins
  4 jackals
  37 kobolds
  4 quokkas
  16 bats
  5 frilled lizards
  8 rats
444 creatures vanquished.

Vanquished Creatures (others)
  A water elemental (D:14)
1 creature vanquished.

Grand Total: 445 creatures vanquished

Notes
Turn   | Place    | Note
-------+----------+-------------------------------------------
     0 | D:1      | jasper the Gargoyle Fighter began the quest for the Orb.
     0 | D:1      | Reached XP level 1. HP: 14/14 MP: 1/1
   182 | D:1      | Reached XP level 2. HP: 16/19 MP: 2/2
   429 | D:1      | Reached skill level 3 in Maces & Flails
  1058 | D:2      | Reached XP level 3. HP: 20/23 MP: 3/3
  1210 | D:2      | Reached skill level 4 in Maces & Flails
  1264 | D:2      | Reached XP level 4. HP: 24/28 MP: 4/4
  1728 | D:3      | Noticed an ogre
  1801 | D:3      | Noticed Terence
  1811 | D:3      | Killed Terence
  2078 | D:3      | Killed an ogre
  2079 | D:3      | Reached skill level 5 in Maces & Flails
  2079 | D:3      | Reached XP level 5. HP: 32/32 MP: 5/5
  2166 | D:3      | Found a faded altar of an unknown god.
  2318 | D:4      | Reached skill level 6 in Maces & Flails
  2318 | D:4      | Reached XP level 6. HP: 36/37 MP: 6/6
  2389 | D:4      | Found a staircase to the Ecumenical Temple.
  2403 | Temple   | Entered the Ecumenical Temple
  2475 | D:4      | Reached skill level 7 in Maces & Flails
  2480 | D:4      | Reached XP level 7. HP: 36/41 MP: 7/7
  2520 | D:4      | Found a glowing drain.
  2525 | Sewer    | Entered a sewer
  2580 | Sewer    | Noticed Pargi
  2594 | Sewer    | Killed Pargi
  2595 | Sewer    | Reached skill level 8 in Maces & Flails
  2733 | D:4      | Found Qodoif's Self-Improvement Boutique.
  3422 | D:5      | Entered Level 5 of the Dungeon
  3432 | D:5      | Reached skill level 9 in Maces & Flails
  3432 | D:5      | Reached XP level 8. HP: 46/46 MP: 8/8
  3559 | D:5      | Found a transporter.
  3561 | D:5      | Noticed horus123's ghost (amateur DsCj)
  3676 | D:5      | Found a transporter.
  3677 | D:5      | Found a glowing silver altar of Zin.
  3852 | D:5      | Found Zigrul's Assorted Antiques.
  3858 | D:5      | Found a radiant altar of Vehumet.
  3859 | D:5      | Bought a scroll of teleportation for 75 gold pieces
  3859 | D:5      | Bought a scroll of blinking for 187 gold pieces
  3859 | D:5      | Bought 2 emerald potions for 45 gold pieces
  3903 | D:5      | Reached skill level 10 in Maces & Flails
  4692 | D:6      | Reached skill level 11 in Maces & Flails
  4792 | D:6      | Found a white marble altar of Elyvilon.
  4794 | D:6      | Found a sparkling altar of Nemelex Xobeh.
  5208 | D:6      | Found a blossoming altar of Fedhas.
  5279 | D:7      | Reached XP level 9. HP: 51/51 MP: 9/9
  5333 | D:7      | Reached skill level 12 in Maces & Flails
  5533 | D:7      | Found a broken altar of Ashenzari.
  5562 | D:7      | Found a basalt altar of Yredelemnul.
  5897 | D:8      | Found a snail-covered altar of Cheibriados.
  5981 | D:8      | Reached skill level 13 in Maces & Flails
  6011 | D:8      | Found a hide-covered altar of Uskayaw.
  6108 | D:8      | Reached XP level 10. HP: 53/56 MP: 10/10
  6131 | D:8      | Noticed a two-headed ogre
  6136 | D:8      | Killed a two-headed ogre
  6137 | D:8      | Reached skill level 14 in Maces & Flails
  6161 | D:8      | Killed an unseen horror
  6311 | D:8      | Found a glowing golden altar of the Shining One.
  6552 | D:9      | Found Runwoer's Magic Scroll Shoppe.
  6556 | D:9      | Bought a scroll of teleportation for 33 gold pieces
  6556 | D:9      | Bought a scroll of blinking for 82 gold pieces
  6556 | D:9      | Bought a scroll of fear for 44 gold pieces
  6556 | D:9      | Bought a scroll of teleportation for 33 gold pieces
  6556 | D:9      | Bought 2 scrolls of teleportation for 66 gold pieces
  6709 | D:9      | Found an iron altar of Okawaru.
  6713 | D:9      | Became a worshipper of Warmaster Okawaru
  6773 | D:9      | Reached skill level 5 in Fighting
  6773 | D:9      | Reached skill level 5 in Armour
  6773 | D:9      | Reached skill level 5 in Shields
  6889 | D:9      | Noticed a two-headed ogre
  6899 | D:9      | Killed a two-headed ogre
  6899 | D:9      | Reached * piety under Okawaru
  6992 | D:9      | Found a staircase to the Lair.
  7240 | D:9      | Reached ** piety under Okawaru
  7253 | D:9      | Reached XP level 11. HP: 33/65 MP: 11/11
  7676 | D:10     | Entered Level 10 of the Dungeon
  7738 | D:10     | Found a staircase to the Orcish Mines.
  7853 | D:10     | Noticed a two-headed ogre
  7862 | D:10     | Killed a two-headed ogre
  7862 | D:10     | Reached *** piety under Okawaru
  7980 | D:10     | Identified the +0 scale mail of Okawaru's Favour {rN+ Str+5
                  | Int-2}
  8039 | D:10     | Identified the +0 chain mail of the Sun {Dex+6}
  8526 | D:11     | Reached **** piety under Okawaru
  8564 | D:11     | Noticed Sonja
  8580 | D:11     | Killed Sonja
  8884 | D:11     | You fall into a shaft and drop 3 floors!
  8915 | D:14     | Noticed a six-headed hydra
  8927 | D:14     | Killed a six-headed hydra
  9013 | D:14     | Noticed a centaur warrior
  9017 | D:14     | Noticed a white ugly thing
  9017 | D:14     | Noticed a white ugly thing
  9018 | D:14     | Noticed a white ugly thing
  9019 | D:14     | Noticed a white ugly thing
  9027 | D:14     | Killed a centaur warrior
  9028 | D:14     | Noticed a white ugly thing
  9040 | D:14     | Killed a white ugly thing
  9045 | D:14     | Killed a brown ugly thing
  9045 | D:14     | Reached ***** piety under Okawaru
  9046 | D:14     | Reached XP level 12. HP: 19/76 MP: 9/12
  9342 | D:14     | Found Ymofooni's Assorted Antiques.
  9350 | D:14     | Bought a potion of curing for 63 gold pieces
  9350 | D:14     | Bought a wavering pewter ring for 105 gold pieces
  9350 | D:14     | Identified the ring "Vyafay" {MP+9 Str+5} (You bought it in
                  | a shop on level 14 of the Dungeon)
  9350 | D:14     | Bought a red potion for 18 gold pieces
  9350 | D:14     | Bought a scroll of identify for 42 gold pieces
  9392 | D:14     | Reached skill level 1 in Invocations
  9454 | D:14     | Identified the staff of the Shore {*Corrode rN+ Str+3 Dex+2
                  | Necro}
  9457 | D:14     | Identified the +3 plate armour of Serendipity {Will+++}
  9654 | D:13     | Found Laepres's Antique Armour Shop.
  9700 | D:14     | Noticed Snorg
  9719 | D:14     | Killed Snorg
  9786 | D:14     | Noticed a tengu warrior
  9802 | D:14     | Killed a tengu warrior
 10011 | D:14     | Found a gate to the Vaults.
 10011 | D:14     | Noticed a vault guard
 10011 | D:14     | Noticed a vault guard
 10011 | D:14     | Noticed a vault guard
 10011 | D:14     | Noticed a vault guard
 10011 | D:14     | Noticed a vault guard
 10012 | D:14     | Noticed a vault guard
 10012 | D:14     | Noticed a vault guard
 10014 | D:14     | Noticed a two-headed ogre
 10018 | D:14     | Noticed a vault guard
 10024 | D:13     | Noticed a rakshasa
 10024 | D:13     | Found Neetui's Antique Weapon Shoppe.
 10032 | D:13     | Noticed a centaur warrior
 10045 | D:13     | Killed a centaur warrior
 10046 | D:13     | Reached skill level 5 in Invocations
 10307 | D:13     | Noticed Nessos
 10320 | D:13     | Killed Nessos
 10330 | D:12     | Noticed a boulder beetle
 10379 | D:12     | Received a gift from Okawaru
 10731 | D:11     | Reached skill level 10 in Fighting
 10731 | D:11     | Reached skill level 10 in Armour
 11205 | Lair:1   | Entered Level 1 of the Lair of Beasts
 11536 | Lair:1   | Reached XP level 13. HP: 69/83 MP: 19/19
 11754 | Lair:1   | Received a gift from Okawaru
 11941 | Lair:1   | Found a blossoming altar of Fedhas.
 13013 | Lair:2   | Found a hole to the Spider Nest.
 13073 | Lair:2   | Reached skill level 10 in Shields
 13198 | Lair:2   | Received a gift from Okawaru
 13332 | Lair:2   | Identified the +3 leather armour "Beurghiwk" {rF++ rC-
                  | rCorr SInv}
 13463 | Lair:2   | Found a staircase to the Shoals.
 14623 | Lair:3   | Mangled by a cane toad

Illustrated notes

Levels and vault maps discovered:
D:1:      amcnicky_arrival_flooded_fountain, layout_loops_ring,
          minmay_misc_feat_doors, hangedman_decor_growths
D:2:      layout_basic
D:3:      layout_rooms, ebering_ecumenical_altar_sacrificial, uniq_terence
D:4:      layout_basic, minmay_temple_entry_waves,
          mainiacjoe_sewer_entry_somewhere_in_here_1, minmay_misc_feat_ornament,
          nicolae_shop_self_help
D:5:      layout_basic, fiery_altar_vehumet,
          mainiacjoe_overflow_small_starburst, gammafunk_ghost_mausoleum,
          serial_shops, shop, nicolae_kite_square_tiling_tiny
D:6:      kennysheep_kobold_camp, layout_rooms, kennysheep_mini,
          mainiacjoe_overflow_tiny_flanked, fedhas_altar_1, minivault_10
D:7:      layout_rooms, nicolae_ashenzari_skybound,
          nicolae_overflow_hidden_temple
D:8:      layout_rooms, eat_drink_and_be_merry_uskayaw, kennysheep_slug_shrine,
          mainiacjoe_overflow_six_doors_small, minivault_25
D:9:      layout_basic, marbit_many_paths, lair_entry_dummy, serial_shops,
          shop_statue, minmay_hedge_maze
D:10:     layout_roguey, hiddenorc2_lemuel
D:11:     layout_cross, hangedman_decor_opposing, hangedman_weighted_door,
          uniq_sonja
D:12:     minmay_the_grid_4x2 [minmay_the_grid_embedded,
          minmay_the_grid_square_x, minmay_the_grid_broken_lines,
          minmay_the_grid_tri_star, minmay_the_grid_stretched_grid,
          minmay_the_grid_large_cup, minmay_the_grid_diamond_grid,
          minmay_the_grid_prize_big_room], layout_rooms,
          hangedman_parallel_progression
D:13:     layout_long_grid, serial_shops, nicolae_diamond_shop,
          nicolae_take_the_stairs, hangedman_decor_diamond_cutter, uniq_nessos
D:14:     layout_loops_cross, erik_vaults_2, serial_shops,
          nicolae_shop_waterfront, lemuel_freeze_loot_1, uniq_snorg
Temple:   nicolae_temple_ecumenical_triangle
Lair:1:   layout_hall_layers, hangedman_tree_tricks,
          chequers_serial_rivers_room_b, minivault_24,
          nicolae_lair_grove_arrangements
Lair:2:   lemuel_reptile_caves, layout_chaotic_city, elwin_shoals_entry_stream,
          spider_nest_entry_webs, grunt_megastairs_2,
          infiniplex_staircase_pool_2
Lair:3:   layout_layer_cave, gauntlet_entry_generic, eino_house_with_fridge

Skill      XL: |  1  2  3  4  5  6  7  8  9 10 11 12 13 |
---------------+----------------------------------------+-----
Maces & Flails | 3 4 5 6 7 9 11 13 14 | 14.0
Fighting       | 6 9 10 12 | 12.0
Armour         | 6 9 10 11 | 11.8
Shields        | 6 8 9 10 | 10.7
Invocations    | 8 |  8.0

Action                     |  1- 3 |  4- 6 |  7- 9 | 10-12 | 13-15 || total
---------------------------+-------+-------+-------+-------+-------++-------
  Melee: Flail             |   122 |   103 |   403 |       |       ||   628
         Dire flail        |       |       |    14 |   352 |       ||   366
         Morningstar       |       |       |       |   234 |   579 ||   813
  Throw: Stone             |       |     2 |       |       |       ||     2
         Throwing net      |       |     1 |       |     1 |       ||     2
 Invoke: Heroism           |       |       |       |     5 |       ||     5
         Finesse           |       |       |       |     1 |     1 ||     2
  Evoke: Wand              |       |       |       |    15 |       ||    15
         Gell's gravitambo |       |       |       |       |     2 ||     2
    Use: Scroll            |     3 |     3 |    11 |     7 |     2 ||    26
         Potion            |       |     1 |       |     4 |     3 ||     8
   Stab: Held in net/web   |       |       |       |     1 |       ||     1
         Paralysed         |       |       |       |     5 |       ||     5
         Invisible         |       |       |       |     1 |       ||     1
 Armour: Scale mail        |    81 |    77 |   228 |       |       ||   386
         Chain mail        |       |       |    66 |       |       ||    66
         Plate armour      |       |       |    29 |   475 |   511 ||  1015
  Dodge: Dodged            |    88 |    75 |   312 |   286 |   165 ||   926
         Repelled          |       |       |       |    10 |     1 ||    11
  Block: Buckler           |    32 |    26 |   117 |       |       ||   175
         Kite shield       |       |       |       |   126 |   396 ||   522

Table legend: (Time is in decaauts)
 A = Elapsed time spent in this place.
 B = Non-inter-level travel time spent in this place.
 C = Inter-level travel time spent in this place.
 D = Time resting spent in this place.
 E = Time spent auto-exploring this place.
 F = Levels seen in this place.
 G = Mean time per level.
                   A        B        C        D        E       F      G
               +--------+--------+--------+--------+--------+-----+--------+
         Total |  14536 |  14071 |    465 |    857 |   9364 |  19 |  765.1 |
       Dungeon |  11030 |  10603 |    427 |    831 |   7040 |  14 |  787.9 |
        Temple |      1 |      1 |      0 |      0 |      0 |   1 |    1.0 |
          Lair |   3369 |   3331 |     38 |     26 |   2283 |   3 | 1123.0 |
         Sewer |    135 |    135 |      0 |      0 |     40 |   1 |  135.0 |
               +--------+--------+--------+--------+--------+-----+--------+

Top non-repeatable levels by time:
  Lair:2: 1978 daAuts
  Lair:1: 1301 daAuts
     D:9: 1238 daAuts
    D:11: 1096 daAuts
     D:4: 1093 daAuts
     D:6: 1093 daAuts
    D:14: 1075 daAuts
     D:1: 905 daAuts
     D:2: 905 daAuts
     D:5: 767 daAuts
    D:10: 760 daAuts
     D:8: 634 daAuts
     D:7: 567 daAuts
     D:3: 522 daAuts
    D:13: 314 daAuts
